 Dungeon Sprint DCSS version 0.19-a0-27-g415f530 (webtiles) character file.

17647 Kidiri the Fighter (level 12, 0/86 HPs)
             Began as a Gargoyle Fighter on May 1, 2016.
             Was the Champion of Okawaru.
             Slain by an ettin
             ... wielding a +0 dire flail
              (21 damage)
             ... in the Dungeon (Sprint IX: "|||||||||||||||||||||||||||||").
             The game lasted 00:08:17 (3181 turns).

Kidiri the Fighter (Gargoyle Fighter)               Turns: 3181, Time: 00:08:18

Health: 0/86       AC: 33    Str: 24    XL:     12   Next: 50%
Magic:  4/6        EV: 12    Int: 17    God:    Okawaru [******]
Gold:   1417       SH: 16    Dex:  7    Spells: 0 memorised, 11 levels left

rFire  . . .     SeeInvis +     w - +5 eveningstar "Newtslayer" {antimagic, Str+2 Dex-3 SInv}
rCold  . . .     Gourm    .     b - +1 plate armour {rPois}
rNeg   + . .     Faith    .     c - +1 shield
rPois  ∞         Spirit   .     p - +1 helmet
rElec  +         Dismiss  .     q - +0 cloak
rCorr  .         Reflect  .     (no gloves)
SustAt .         Harm     .     (no boots)
MR     .....     NoTele   +     (no amulet)
Stlth  ..........               r - +3 ring of intelligence
                                l - +3 ring of intelligence

@: heroism, not resistant to hostile enchantments, extremely unstealthy
A: negative energy resistance 1, electricity resistance, unbreathing,
petrification resistance, rot immunity, AC +8
a: Heroism, Finesse, Renounce Religion


You were in the Dungeon.
You worshipped Okawaru.
Okawaru was exalted by your worship.
You were not hungry.

You visited 1 branch You collected 1417 gold pieces.

Inventory:

Hand Weapons
 a - a +0 flail
 g - the +8 flail of Sin {drain, *Noise rElec Int+9, unknown}
   (Okawaru gifted it to you in the Dungeon)

   A truly terrible weapon, it drains the life of those it strikes.
   It affects your intelligence (+9).
   It insulates you from electricity.
   It may make noises in combat.
 w - the +5 eveningstar "Newtslayer" (weapon) {antimagic, Str+2 Dex-3 SInv}
   (Okawaru gifted it to you in the Dungeon)

   It disrupts the flow of magical energy around spellcasters and certain
   magical creatures (including the wielder).
   It affects your strength (+2).
   It affects your dexterity (-3).
   It lets you see invisible.
Missiles
 y - a throwing net (quivered)
Armour
 b - a +1 plate armour of poison resistance (worn)
 c - a +1 shield (worn)
 p - a +1 helmet (worn)
 q - a +0 cloak (worn)
Jewellery
 l - a +3 ring of intelligence (left hand)
 r - a +3 ring of intelligence (right hand)
Wands
 o - a wand of iceblast (6/15)
Scrolls
 k - 4 scrolls of blinking
 m - 5 scrolls of remove curse
 n - 2 scrolls of amnesia
Potions
 d - a potion of resistance
 e - 4 potions of curing
 h - 3 potions of haste
 i - 4 potions of magic
 s - 2 potions of agility
 t - a potion of cancellation
 u - 2 potions of mutation {unknown}
Comestibles
 f - 12 bread rations
 j - 5 chunks of flesh
 x - 40 fruits
 z - 12 meat rations


   Skills:
 * Level 14.6(19.6) Fighting
 * Level 12.0(17.0) Maces & Flails
 + Level 3.8(8.8) Throwing
 * Level 14.4(19.4) Armour
 * Level 11.3(16.3) Dodging
 * Level 14.4(19.4) Shields
 + Level 9.5 Invocations
 + Level 8.2 Evocations


You had 11 spell levels left.
You didn't know any spells.

Dungeon Overview and Level Annotations

Branches:
Dungeon (1/1)

Altars:
Cheibriados
Dithmenos
Elyvilon
Fedhas
Gozag
Kikubaaqudgha
Makhleb
Nemelex Xobeh
Okawaru
Pakellas
Qazlal
Ru
Sif Muna
Trog
Vehumet
Xom
Yredelemnul
Zin
The Shining One
Beogh
Jiyva
Lugonu

Shops:
D !?[!


Innate Abilities, Weirdness & Mutations

You are resistant to torment.
Your stone body is resilient (AC +8).
You are immune to poison.
You resist negative energy.
You are resistant to electric shocks.
You can survive without breathing.
You are immune to petrification.
You are immune to rotting.


Message History

You block the stone giant's attack.
You bludgeon the stone giant!!
The stone giant is almost dead.
You puncture the stone giant!
You kill the stone giant!
Okawaru is honoured by your kill.
Your base Maces & Flails skill increases to level 12!
You puncture the hill giant!
The hill giant is lightly wounded.
You thump the hill giant!
The hill giant is moderately wounded.
The hill giant barely misses you.
You impale the hill giant!!
The hill giant is almost dead.
You hit the ettin but do no damage. You barely miss the ettin.
You thump the ettin!
The ettin is lightly wounded.
You block the ettin's attack. The ettin hits you with a dire flail!!
You die...

______'..|)..[.()...)(.)......'..
▓▓▓▓▓▓▓▓▓▓▓▓▓▓▓▓▓▓▓▓▓▓▓▓▓▓▓▓▓▓▓▓▓
.................................
▓▓▓▓▓▓▓▓▓▓▓▓▓▓▓▓▓▓▓▓▓▓▓▓▓▓▓▓▓▓▓▓▓
........'........)([['..[[[[..'..
▓▓▓▓▓▓▓▓▓▓▓▓▓▓▓▓▓▓▓▓▓▓▓▓▓▓▓▓▓▓▓▓▓
..............[................).
▓▓▓▓▓▓▓▓▓▓▓▓▓▓▓▓▓▓▓▓▓▓▓▓▓▓▓▓▓▓▓▓▓
)).(.).')..$$∩$∩@CC∩$$$$
▓▓▓▓▓▓▓▓▓▓▓▓▓▓▓▓▓▓▓▓▓▓▓▓


You could see an ettin and a hill giant.

Vanquished Creatures
  Gastronok (D)
  2 stone giants (D)
  Harold (D)
  2 catoblepae (D)
  An ogre mage (D)
  A centaur warrior (D)
  A death yak (D)
  2 iron trolls (D)
  3 deep trolls (D)
  A hill giant (D)
  An ugly thing (D)
  2 orc knights (D)
  A griffon (D)
  A black mamba (D)
  2 spiny frogs (D)
  2 trolls (D)
  A blink frog (D)
  Eustachio (D)
  5 yaks (D)
  A vampire mosquito (D)
  A hippogriff (D)
  2 porcupines (D)
  3 water moccasins (D)
  2 sky beasts (D)
  10 orc warriors (D)
  A phantom (D)
  A centaur (D)
  4 crocodiles (D)
  A giant frog (D)
  A howler monkey (D)
  6 orc wizards (D)
  5 orc priests (D)
  An iguana (D)
  A worker ant (D)
  A sheep (D)
  A river rat (D)
  A giant gecko (D)
  5 orcs (D)
  A bat (D)
  A giant cockroach (D)
  2 jackals (D)
  A giant cockroach zombie (D)
  A kobold (D)
  2 rats (D)
87 creatures vanquished.

Notes
Turn   | Place    | Note
--------------------------------------------------------------
     0 | D        | Kidiri the Gargoyle Fighter began the quest for the Orb.
     0 | D        | Reached XP level 1. HP: 14/14 MP: 1/1
     7 | D        | Reached skill level 1 in Dodging
   121 | D        | Noticed a sky beast
   121 | D        | Noticed a sky beast
   121 | D        | Noticed a howler monkey
   155 | D        | Killed a sky beast
   155 | D        | Reached skill level 5 in Fighting
   155 | D        | Reached skill level 5 in Armour
   155 | D        | Reached skill level 5 in Shields
   155 | D        | Reached XP level 2. HP: 21/22 MP: 2/2
   155 | D        | Reached XP level 3. HP: 26/27 MP: 3/3
   155 | D        | Reached XP level 4. HP: 31/32 MP: 4/4
   159 | D        | Killed a sky beast
   159 | D        | Reached XP level 5. HP: 36/37 MP: 5/5
   161 | D        | Reached XP level 6. HP: 44/44 MP: 6/6
   175 | D        | Found a glowing silver altar of Zin.
   175 | D        | Found a glowing golden altar of the Shining One.
   175 | D        | Found an ancient bone altar of Kikubaaqudgha.
   175 | D        | Found a basalt altar of Yredelemnul.
   175 | D        | Found a shimmering altar of Xom.
   175 | D        | Found a radiant altar of Vehumet.
   176 | D        | Found an iron altar of Okawaru.
   177 | D        | Found a burning altar of Makhleb.
   178 | D        | Found a deep blue altar of Sif Muna.
   179 | D        | Found a bloodstained altar of Trog.
   180 | D        | Found a sparkling altar of Nemelex Xobeh.
   181 | D        | Found a white marble altar of Elyvilon.
   182 | D        | Found a roughly hewn altar of Beogh.
   183 | D        | Found a viscous altar of Jiyva.
   184 | D        | Became a worshipper of Warmaster Okawaru
   185 | D        | Found a corrupted altar of Lugonu.
   186 | D        | Found a blossoming altar of Fedhas.
   187 | D        | Found a snail-covered altar of Cheibriados.
   188 | D        | Found a shadowy altar of Dithmenos.
   189 | D        | Found a stormy altar of Qazlal.
   190 | D        | Found an opulent altar of Gozag.
   191 | D        | Found a sacrificial altar of Ru.
   192 | D        | Found an oddly glowing altar of Pakellas.
   241 | D        | Noticed a phantom
   248 | D        | Killed a phantom
   248 | D        | Reached skill level 1 in Invocations
   248 | D        | Reached skill level 1 in Evocations
   257 | D        | Reached skill level 5 in Dodging
   260 | D        | Reached * piety under Okawaru
   260 | D        | Reached skill level 5 in Maces & Flails
   260 | D        | Reached XP level 7. HP: 34/49 MP: 8/8
   353 | D        | Noticed a vampire mosquito
   353 | D        | Noticed a green ugly thing
   353 | D        | Noticed a centaur warrior
   376 | D        | Killed a green ugly thing
   376 | D        | Reached XP level 8. HP: 42/56 MP: 8/10
   396 | D        | Reached ** piety under Okawaru
   442 | D        | Killed a centaur warrior
   442 | D        | Reached *** piety under Okawaru
   442 | D        | Reached skill level 10 in Fighting
   442 | D        | Reached skill level 10 in Armour
   442 | D        | Reached skill level 10 in Shields
   442 | D        | Reached skill level 5 in Invocations
   442 | D        | Reached XP level 9. HP: 19/63 MP: 10/12
   779 | D        | Noticed a spiny frog
   829 | D        | Killed a spiny frog
   846 | D        | Reached skill level 5 in Evocations
  1245 | D        | Noticed a black mamba
  1245 | D        | Noticed a spiny frog
  1259 | D        | Noticed a griffon
  1267 | D        | Killed a black mamba
  1267 | D        | Reached **** piety under Okawaru
  1279 | D        | Reached XP level 10. HP: 65/70 MP: 11/14
  1295 | D        | Killed a spiny frog
  1310 | D        | Killed a griffon
  1409 | D        | Noticed a catoblepas
  1409 | D        | Noticed a catoblepas
  1410 | D        | Noticed a death yak
  1425 | D        | Killed a catoblepas
  1425 | D        | Reached ***** piety under Okawaru
  1425 | D        | Received a gift from Okawaru
  1455 | D        | Killed a catoblepas
  1490 | D        | Killed a death yak
  1490 | D        | Received a gift from Okawaru
  1491 | D        | Got a twisted eveningstar {god gift}
  1492 | D        | Identified the +5 eveningstar "Newtslayer" {antimagic, Str+2 Dex-3 SInv} (Okawaru gifted it to you in the Dungeon)
  1497 | D        | Reached XP level 11. HP: 30/76 MP: 5/16
  1761 | D        | Noticed Eustachio
  1780 | D        | Killed Eustachio
  1797 | D        | Noticed Gastronok
  1815 | D        | Killed Gastronok
  1815 | D        | Reached skill level 10 in Maces & Flails
  1815 | D        | Reached skill level 10 in Dodging
  2026 | D        | Noticed Harold
  2041 | D        | Killed Harold
  2329 | D        | Noticed an orc knight
  2329 | D        | Noticed an orc knight
  2342 | D        | Killed an orc knight
  2342 | D        | Reached skill level 1 in Throwing
  2351 | D        | Killed an orc knight
  2619 | D        | Found Irregite's Distillery.
  2619 | D        | Noticed an iron troll
  2619 | D        | Noticed an ogre mage
  2619 | D        | Noticed a deep troll
  2619 | D        | Noticed a hill giant
  2625 | D        | Noticed an iron troll
  2637 | D        | Killed an ogre mage
  2644 | D        | Killed an iron troll
  2644 | D        | Received a gift from Okawaru
  2644 | D        | Reached XP level 12. HP: 43/84 MP: 4/18
  2645 | D        | Got a twisted flail {god gift}
  2663 | D        | Found Uthrip's Magic Scroll Shoppe.
  2984 | D        | Killed an iron troll
  3132 | D        | Found Semu Wuth's Armour Emporium.
  3135 | D        | Found Nibirrul's Distillery.
  3141 | D        | Noticed a stone giant
  3143 | D        | Noticed a stone giant
  3147 | D        | Noticed an ettin
  3159 | D        | Killed a stone giant
  3175 | D        | Killed a stone giant
  3175 | D        | Reached ****** piety under Okawaru
  3181 | D        | Slain by an ettin

Vault maps used:
D:        linesprint

Skill      XL: |  1  2  3  4  5  6  7  8  9 10 11 12 |
---------------+-------------------------------------+-----
Dodging        | 3 4 5 6 7 8 9 10 11 | 11.3
Fighting       | 5 6 7 8 9 10 11 12 13 14 | 14.6
Maces & Flails | 3 4 5 6 7 9 11 12 | 12.0
Armour         | 5 6 8 9 10 11 12 13 14 | 14.4
Shields        | 5 6 8 9 10 11 12 13 14 | 14.4
Invocations    | 2 3 5 6 7 8 9 |  9.5
Evocations     | 2 3 4 5 6 7 8 |  8.2
Throwing       | 2 3 |  3.8

Action                   |  1- 3 |  4- 6 |  7- 9 | 10-12 || total
-------------------------+-------+-------+-------+-------++-------
Melee: Flail             |    40 |    30 |   191 |   117 ||   378
       Eveningstar       |       |       |       |   206 ||   206
Invok: Heroism           |       |       |     8 |    10 ||    18
       Finesse           |       |       |       |     1 ||     1
Evoke: Wand              |       |       |       |     1 ||     1
  Use: Potion            |     1 |     2 |     1 |     5 ||     9
       Scroll            |       |       |     2 |       ||     2
 Stab: Petrifying        |       |       |       |     1 ||     1
       Invisible         |       |       |       |     2 ||     2
  Eat: Chunk             |       |       |     2 |     4 ||     6
       Bread ration      |       |       |       |     1 ||     1
Armor: Scale mail        |    25 |     6 |       |       ||    31
       Chain mail        |       |     7 |    95 |    36 ||   138
       Plate armour      |       |       |       |    31 ||    31
Dodge: Dodged            |     9 |     8 |    46 |    64 ||   127
Block: Shield            |    12 |    19 |   112 |   142 ||   285
